 Dungeon Crawl Stone Soup version 0.19-a0-1937-g70ed36a (webtiles) character file.

50657 HumanBeing the Fencer (level 14, 0/169 HPs)
             Began as a Human Berserker on Oct 26, 2016.
             Was a High Priest of Trog.
             Slain by an ettin
             ... wielding a +2 dire flail of protection
              (29 damage)
             ... on level 1 of the Depths.
             The game lasted 00:52:09 (23739 turns).

HumanBeing the Fencer (Human Berserker)            Turns: 23739, Time: 00:52:09

Health: 0/169      AC: 23    Str: 28    XL:     14   Next: 98%
Magic:  4/4        EV: 12    Int:  5    God:    Trog [*****.]
Gold:   139        SH:  0    Dex: 13    Spells: 0 memorised, 13 levels left

rFire  + . .     SeeInvis +     z - +5 demon blade (antimagic)
rCold  + + .     Gourm    .     L - +4 chain mail
rNeg   + + .     Faith    .     (no shield)
rPois  +         Spirit   .     m - +2 helmet of Gyshron {rElec rC+ SInv}
rElec  +         Reflect  .     (no cloak)
rCorr  .         Harm     .     M - +1 pair of gloves of the Bells {rF+ rC+ rN+ Int-2}
MR     +....                    w - +0 pair of boots
Stlth  ..........               (no amulet)
                                K - ring of positive energy
                                t - ring of poison resistance

@: berserking, very quick
A: sense surroundings 1
a: Berserk, Trog's Hand, Brothers in Arms, Burn Spellbooks, Renounce Religion


You were on level 1 of the Depths.
You worshipped Trog.
Trog was extremely pleased with you.
You were not hungry.

You visited 2 branches of the dungeon, and saw 16 of its levels.

You collected 1328 gold pieces.
You spent 1189 gold pieces at shops.

Inventory:

Hand Weapons
 a - the +6 long sword of the Spinneret {drain, *Corrode Str+5 Dex+8}
   (Trog gifted it to you on level 11 of the Dungeon)

   A truly terrible weapon, it drains the life of those it strikes.
   It affects your strength (+5).
   It affects your dexterity (+8).
   It may corrode you when you take damage.
 z - a +5 antimagic demon blade (weapon)
 F - a +9 antimagic quick blade
 I - a +2 dagger of chaos
Armour
 m - the +2 helmet of Gyshron (worn) {rElec rC+ SInv}
   (You found it on level 4 of the Dungeon)

   It protects you from cold.
   It insulates you from electricity.
   It lets you see invisible.
 w - a +0 pair of boots (worn)
 A - a +0 shield
 L - a +4 chain mail (worn)
 M - the +1 pair of gloves of the Bells (worn) {rF+ rC+ rN+ Int-2}
   (You bought it in a shop on level 4 of the Dungeon)

   It affects your intelligence (-2).
   It protects you from fire.
   It protects you from cold.
   It protects you from negative energy.
Jewellery
 t - a ring of poison resistance (left hand)
 K - a ring of positive energy (right hand)
 N - an uncursed ring of fire
Wands
 n - a wand of lightning (0/15)
 P - a wand of iceblast (6/15)
 Q - a wand of paralysis (9/24)
 S - a wand of confusion (5/48)
 W - a wand of iceblast (5/15)
 X - a wand of paralysis (14/24)
Scrolls
 e - 9 scrolls of remove curse
 f - 4 scrolls of blinking
 g - a scroll of recharging
 k - 6 scrolls of teleportation
 r - 2 scrolls of noise
 B - 2 scrolls of immolation
 D - a scroll of fear
 Z - a scroll of vulnerability
Potions
 b - a potion of berserk rage
 d - 3 potions of magic
 h - 3 potions of agility
 i - 2 potions of heal wounds
 s - a potion of lignification
 u - 4 potions of resistance
 x - 5 potions of curing
 C - 2 potions of flight
 E - 2 potions of haste
 G - 2 potions of brilliance
 H - 2 potions of ambrosia {unknown}
 O - 3 potions of might
Miscellaneous
 T - a fan of gales
 V - a sack of spiders
Comestibles
 c - 11 bread rations
 j - a meat ration
 l - 31 fruits
 J - 2 beef jerkies


   Skills:
 + Level 11.2 Fighting
 - Level 4.7(12.0) Short Blades
 + Level 16.5(16.7) Long Blades
 + Level 11.1 Armour
 - Level 6.4 Dodging
 + Level 6.6 Shields


You had 13 spell levels left.
You didn't know any spells.

Dungeon Overview and Level Annotations

Branches:
Dungeon (15/15)            Temple (0/1) D:7            Lair (0/6) D:10
    Orc (0/2) D:10         Vaults (0/5) D:14         Depths (1/5) D:15

Altars:
Cheibriados
Dithmenos
Gozag
Nemelex Xobeh
Okawaru
Ru
Sif Muna
Trog
Yredelemnul
The Shining One
Beogh

Shops:
D:4 ![:   D:13 :*?=   D:15 !


Innate Abilities, Weirdness & Mutations

You passively map a small area around you.


Message History

The ettin hits you with an enchanted dire flail!!
You hit the ettin.
The ettin is heavily wounded.
The ettin hits you but does no damage. The ettin barely misses you.
You barely miss the ettin.
The ettin is heavily wounded.
You slash the ettin!
The ettin is severely wounded.
The ettin hits you with a dire flail of protection.
The ettin hits you with an enchanted dire flail!!
* * * LOW HITPOINT WARNING * * *
You slash the ettin!
The ettin is severely wounded.
You feel much better. The ettin barely misses you.
The ettin hits you with an enchanted dire flail!!
* * * LOW HITPOINT WARNING * * *
A red film seems to cover your vision as you go berserk!
You feel yourself moving faster!
You feel mighty! The ettin barely misses you.
The ettin hits you with an enchanted dire flail!!
You die...

, * ##.≈≈≈≈≈≈≈≈≈ *
###≈≈§≈§§≈v≈§≈ ,
#≈§#§§§§§§≈≈≈≈
######§≈§≈≈§§§≈§§≈
≈
.......§..≈≈≈≈§§§≈
≈
*............§≈§§≈≈
..........<...#* **
* ......(.......#
.......@......# ,
.§.....C......# *
..............# *
§.............#
≈≈............# *
,≈ ≈≈≈.....#######
≈ §§§≈..#.#
§§§...#.# ,,
≈≈....#.#


You could see an ettin.

Vanquished Creatures
  2 ettins
  The ghost of Nattefrost the Impaler, a journeyman MfHu of Trog (D:12)
  2 fire dragons (D:14)
  An ice dragon (D:15)
  4 hydras
  4 centaur warriors
  A deep troll shaman (D:15)
  3 tengu warriors (D:14)
  A deep troll earth mage (Depths:1)
  Sonja (D:14)
  An iron troll (D:15)
  3 unseen horrors
  2 deep trolls (D:15)
  6 hill giants
  Pikel (D:5)
  A wizard (D:14)
  8 ugly things
  3 cyclopes
  3 manticores
  A centaur zombie (D:15)
  Psyche (D:8)
  A spiny frog (shapeshifter) (D:14)
  A gargoyle (D:15)
  2 komodo dragons
  A torpor snail (D:13)
  A kobold demonologist (D:15)
  3 freezing wraiths
  A queen bee (D:13)
  A harpy zombie (D:15)
  6 trolls
  3 meliai (D:14)
  A two-headed ogre (D:12)
  The ghost of HumanBeing the Changer, an amateur HuTm (D:3)
  5 hippogriffs
  4 slime creatures
  3 shadows
  A wyvern (D:11)
  3 wraiths
  4 basilisks
  A yak (shapeshifter) (D:15)
  25 yaks
  A vampire (D:12)
  5 hungry ghosts
  3 mottled dragons
  8 vampire mosquitoes
  A soldier ant (D:12)
  2 water moccasins
  A porcupine (D:13)
  2 slaves (D:5)
  10 orc warriors
  4 sky beasts
  2 black bears (D:12)
  2 ice beasts
  A hornet zombie (D:15)
  An eye of draining (D:14)
  9 ogres
  2 crocodiles
  9 centaurs
  4 big kobolds
  10 bullfrogs
  A wyvern zombie (D:9)
  A wyvern skeleton (D:12)
  A scorpion (D:14)
  22 killer bees
  4 wights (D:8)
  2 electric eels (D:10)
  3 howler monkeys
  7 crimson imps
  A bullfrog zombie (D:13)
  4 centaur skeletons
  6 hounds
  5 jellies
  18 orc wizards
  14 orc priests
  13 iguanas
  13 worker ants
  A worker ant zombie (D:10)
  A howler monkey skeleton (D:4)
  13 adders
  4 river rats (D:10)
  2 oozes
  An adder skeleton (D:4)
  An adder zombie (D:7)
  A worm (D:2)
  2 dart slugs (D:1)
  3 leopard geckos
  63 orcs
  7 bats
  7 giant cockroaches
  8 goblins
  11 hobgoblins
  13 jackals
  26 kobolds
  7 quokkas
  9 frilled lizards
  6 rats
  A spectral orc (D:4)
497 creatures vanquished.

Vanquished Creatures (collateral kills)
  An iron troll (D:15)
  An ugly thing (D:14)
  A hungry ghost (D:14)
3 creatures vanquished.

Vanquished Creatures (others)
  A slave (D:5)
  A scorpion (D:5)
  An iguana (D:10)
  3 plants (D:10)
6 creatures vanquished.

Grand Total: 506 creatures vanquished

Notes
Turn   | Place    | Note
-------+----------+-------------------------------------------
     0 | D:1      | HumanBeing the Human Berserker began the quest for the Orb.
     0 | D:1      | Reached XP level 1. HP: 18/18 MP: 1/1
     6 | D:1      | Noticed a black bear
     6 | D:1      | Noticed a komodo dragon
     6 | D:1      | Noticed a black mamba
     7 | D:1      | Noticed a hog
    86 | D:1      | Reached XP level 2. HP: 24/24 MP: 2/2
   583 | D:1      | Reached skill level 4 in Long Blades
   583 | D:1      | Reached XP level 3. HP: 25/29 MP: 3/3
   730 | D:1      | Reached ** piety under Trog
  1270 | D:2      | Reached XP level 4. HP: 29/35 MP: 4/4
  1804 | D:2      | Reached skill level 5 in Long Blades
  2052 | D:3      | Reached XP level 5. HP: 30/41 MP: 5/5
  2399 | D:3      | Noticed HumanBeing's ghost (amateur HuTm)
  2413 | D:3      | Killed HumanBeing's ghost
  2413 | D:3      | Reached skill level 7 in Long Blades
  2413 | D:3      | Reached XP level 6. HP: 47/47 MP: 6/6
  2532 | D:3      | Found a sacrificial altar of Ru.
  2595 | D:3      | Found a deep blue altar of Sif Muna.
  2749 | D:4      | Got a smoking ring mail
  2760 | D:4      | Identified the +5 ring mail of the Slightly Bent {*Slow rN+ Stlth+} (You found it on level 4 of the Dungeon)
  2803 | D:4      | Reached XP level 7. HP: 52/52 MP: 7/7
  2825 | D:4      | Found Xaicwas's Distillery.
  2832 | D:4      | Bought a potion of mutation for 25 gold pieces
  2832 | D:4      | Bought a potion of resistance for 100 gold pieces
  2832 | D:4      | Bought a potion of curing for 30 gold pieces
  2832 | D:4      | Bought a potion of agility for 40 gold pieces
  2832 | D:4      | Gained mutation: Your muscles are strong. (Str +2) [potion of mutation]
  2832 | D:4      | Gained mutation: You can translocate small distances at will. [potion of mutation]
  2832 | D:4      | Gained mutation: Scrolls take you a little longer to read. [potion of mutation]
  2838 | D:4      | Gained mutation: You have large cloven feet. [potion of beneficial mutation]
  2912 | D:4      | Found a shadowy altar of Dithmenos.
  2915 | D:4      | Found a snail-covered altar of Cheibriados.
  2920 | D:4      | Found a glowing golden altar of the Shining One.
  2960 | D:4      | Found Hafipt's Book Emporium.
  2974 | D:4      | Got a fine helmet
  2985 | D:4      | Identified the +2 helmet of Gyshron {rElec rC+ SInv} (You found it on level 4 of the Dungeon)
  3221 | D:4      | Found a basalt altar of Yredelemnul.
  3335 | D:4      | Found Lotrehom's Armour Emporium.
  3499 | D:4      | Reached skill level 8 in Long Blades
  3633 | D:4      | Got a transparent mace
  3634 | D:4      | Identified the +7 mace of Pijacim {flame, rElec Str+2 Dex+3} (You found it on level 4 of the Dungeon)
  3644 | D:5      | Entered Level 5 of the Dungeon
  3722 | D:5      | Noticed Pikel
  3722 | D:5      | Lost mutation: Your muscles are strong. (Str +2) [potion of cure mutation]
  3722 | D:5      | Lost mutation: Scrolls take you a little longer to read. [potion of cure mutation]
  3722 | D:5      | Lost mutation: You can translocate small distances at will. [potion of cure mutation]
  4051 | D:5      | Killed Pikel
  4051 | D:5      | Reached skill level 9 in Long Blades
  4051 | D:5      | Reached XP level 8. HP: 39/58 MP: 8/8
  4288 | D:5      | Found a sacrificial altar of Ru.
  4335 | D:5      | Reached skill level 10 in Long Blades
  4572 | D:5      | Reached *** piety under Trog
  4589 | D:5      | Found a bloodstained altar of Trog.
  4747 | D:5      | Noticed a hippogriff
  4754 | D:5      | Killed a hippogriff
  4812 | D:5      | Reached XP level 9. HP: 63/63 MP: 9/9
  5226 | D:5      | Found a sparkling altar of Nemelex Xobeh.
  5232 | D:5      | Reached skill level 11 in Long Blades
  5707 | D:6      | Found a faded altar of an unknown god.
  5707 | D:6      | Found a faded altar of an unknown god.
  5712 | D:6      | Found an opulent altar of Gozag.
  5716 | D:6      | Found a faded altar of an unknown god.
  5718 | D:6      | Found a faded altar of an unknown god.
  5838 | D:6      | Got a faintly glowing ring mail
  5849 | D:6      | Identified the +2 ring mail of Lugonu's Benevolence {rCorr Str+6 Dex-3} (You found it on level 6 of the Dungeon)
  6561 | D:7      | Noticed a hippogriff
  6571 | D:7      | Killed a hippogriff
  6652 | D:7      | Found a staircase to the Ecumenical Temple.
  6678 | D:7      | Reached skill level 12 in Long Blades
  7485 | D:7      | Received a gift from Trog
  7485 | D:7      | Reached XP level 10. HP: 72/72 MP: 10/10
  7945 | D:8      | Reached **** piety under Trog
  7945 | D:8      | Reached skill level 5 in Fighting
  8413 | D:7      | Reached skill level 13 in Long Blades
  8613 | D:8      | Noticed Psyche
  8622 | D:8      | Killed Psyche
  8622 | D:8      | Reached skill level 5 in Armour
  8827 | D:8      | Found an iron altar of Okawaru.
  9844 | D:4      | Bought the +1 pair of gloves of the Bells {rF+ rC+ rN+ Int-2} for 366 gold pieces
 10300 | D:9      | Reached skill level 1 in Short Blades
 10300 | D:9      | Reached XP level 11. HP: 60/81 MP: 11/11
 10522 | D:9      | Noticed a seven-headed hydra
 10535 | D:9      | Killed a seven-headed hydra
 11081 | D:10     | Entered Level 10 of the Dungeon
 11092 | D:10     | Found a staircase to the Orcish Mines.
 11169 | D:10     | Found a roughly hewn altar of Beogh.
 11366 | D:10     | Reached ***** piety under Trog
 11734 | D:10     | Noticed a hill giant
 11748 | D:10     | Killed a hill giant
 12027 | D:10     | Found a staircase to the Lair.
 12604 | D:10     | Got a jewelled mace
 12605 | D:10     | Identified the +6 mace of Fate {crush, Stlth+} (You found it on level 10 of the Dungeon)
 13470 | D:10     | Noticed a cyan ugly thing
 13491 | D:10     | Killed a cyan ugly thing
 13679 | D:11     | Noticed a hill giant
 14105 | D:11     | Received a gift from Trog
 14123 | D:11     | Got a polished long sword {god gift}
 14124 | D:11     | Identified the +6 long sword of the Spinneret {drain, *Corrode Str+5 Dex+8} (Trog gifted it to you on level 11 of the Dungeon)
 14143 | D:11     | Noticed a green ugly thing
 14153 | D:11     | Killed a green ugly thing
 14153 | D:11     | Reached XP level 12. HP: 89/91 MP: 12/12
 14284 | D:11     | Reached skill level 14 in Long Blades
 14600 | D:11     | Identified the Tome of Excruciating Companions
 15210 | D:12     | Noticed Nattefrost's ghost (journeyman MfHu)
 15229 | D:12     | Killed Nattefrost's ghost
 16003 | D:12     | Received a gift from Trog
 16121 | D:12     | Reached skill level 15 in Long Blades
 16496 | D:4      | Bought a potion of beneficial mutation for 350 gold pieces
 16496 | D:4      | Gained mutation: You have a pair of small horns on your head. [potion of beneficial mutation]
 16497 | D:4      | Lost mutation: You have a pair of small horns on your head. [potion of cure mutation]
 16497 | D:4      | Lost mutation: You have large cloven feet. [potion of cure mutation]
 16710 | D:13     | Found Ozaxiduh's Book Emporium.
 16833 | D:13     | Found Toboenack's Gadget Shoppe.
 16951 | D:13     | Noticed an unseen horror
 16977 | D:13     | Killed an unseen horror
 16977 | D:13     | Reached XP level 13. HP: 93/101 MP: 13/13
 17209 | D:13     | Noticed a centaur warrior
 17220 | D:13     | Killed a centaur warrior
 17626 | D:13     | Noticed a centaur warrior
 17631 | D:13     | Killed a centaur warrior
 17731 | D:13     | Found Mogiupul's General Store.
 17758 | D:13     | Found Deirai Cuhos's Jewellery Shoppe.
 17820 | D:13     | Found Xiocigav's Magic Scroll Emporium.
 17829 | D:13     | Bought a scroll of identify for 20 gold pieces
 17829 | D:13     | Bought a scroll of identify for 20 gold pieces
 18389 | D:14     | Noticed a centaur warrior
 18408 | D:14     | Killed a centaur warrior
 18526 | D:14     | Noticed Sonja
 18541 | D:14     | Killed Sonja
 18906 | D:14     | Reached skill level 16 in Long Blades
 18933 | D:14     | Reached skill level 10 in Fighting
 19550 | D:13     | Reached skill level 10 in Armour
 19781 | D:14     | Reached ****** piety under Trog
 19951 | D:14     | Received a gift from Trog
 20070 | D:14     | Noticed an ettin
 20085 | D:14     | Killed an ettin
 20085 | D:14     | Reached XP level 14. HP: 44/110 MP: 4/14
 20415 | D:14     | Found a gate to the Vaults.
 20764 | D:15     | Entered Level 15 of the Dungeon
 20977 | D:15     | Reached skill level 5 in Shields
 20983 | D:15     | Reached skill level 5 in Dodging
 21252 | D:15     | Gained mutation: You passively map a small area around you. [potion of beneficial mutation]
 22101 | D:15     | Found a staircase to the Depths.
 22126 | D:15     | Found Taadghe's Distillery.
 22132 | D:15     | Bought a potion of heal wounds for 70 gold pieces
 22132 | D:15     | Bought a potion of might for 56 gold pieces
 22132 | D:15     | Bought a potion of heal wounds for 70 gold pieces
 22132 | D:15     | Bought a potion of lignification for 42 gold pieces
 22207 | D:15     | Received a gift from Trog
 22842 | Depths:1 | Entered Level 1 of the Depths
 23739 | Depths:1 | Slain by an ettin

Vault maps used:
D:1:      onia_arrival_zoo_common
D:3:      led_sif_pool, first_bread, nicolae_ru_path_of_blood
D:4:      yredelemnul_forgotten_temple_becter, grunt_temple_overflow_diamond,
          serial_shops, shop, shop, nicolae_shop_window_shopping
D:5:      marbit_many_paths, basic_altar, kennysheep_crisscross,
          nemelex_dance_club_becter, uniq_pikel
D:6:      chequers_temple_overflow_minitemple
D:8:      basic_altar, blue_anna_alchemist, uniq_psyche
D:9:      corexii_shack_village
D:10:     minmay_lair_entry_grove, minmay_orc_entry_temple_small,
          kennysheep_generic_room_2
D:13:     serial_shops, shop_fountains, kennysheep_mini,
          nicolae_shop_temple_entry_statues_fountains,
          nicolae_shop_temple_entry_statues_fountains, shop,
          minmay_stone_trees_medium, kennysheep_generic_room_16
D:14:     david_vaults_4, uniq_sonja
D:15:     grunt_enter_depths_hoard, serial_shops, shop
Depths:1: enter_ziggurat_d, special_room, pf_dread_powers_of_hell,
          minmay_hollow_rounded_squares

Skill      XL: |  1  2  3  4  5  6  7  8  9 10 11 12 13 14 |
---------------+-------------------------------------------+-----
Long Blades    | 4 5 7 9 10 12 13 15 16 | 16.5
Armour         | 3 5 7 8 10 11 | 11.1
Fighting       | 4 5 7 9 10 11 | 11.2
Short Blades   | 1 4 |  4.7
Dodging        | 4 6 |  6.4
Shields        | 2 6 |  6.6

Action                   |  1- 3 |  4- 6 |  7- 9 | 10-12 | 13-15 || total
-------------------------+-------+-------+-------+-------+-------++-------
Melee: Falchion          |    87 |   117 |   393 |   154 |       ||   751
       Kick              |       |       |   130 |    60 |       ||   190
       Dagger            |       |       |       |   812 |   423 ||  1235
       Long sword        |       |       |       |   283 |    54 ||   337
       Quick blade       |       |       |       |       |   390 ||   390
       Demon blade       |       |       |       |       |    92 ||    92
Invok: Berserk           |     1 |     1 |    12 |    22 |    20 ||    56
       Trog's Hand       |       |       |     1 |       |       ||     1
       Burn Spellbooks   |       |       |       |     1 |     1 ||     2
       Brothers in Arms  |       |       |       |       |     2 ||     2
Evoke: Wand              |       |       |       |     4 |     1 ||     5
       Rod               |       |       |       |     1 |       ||     1
  Use: Potion            |       |       |     9 |     2 |     3 ||    14
       Scroll            |       |       |     6 |     4 |     8 ||    18
 Stab: Sleeping          |     4 |       |       |       |       ||     4
       Paralysed         |       |       |       |     4 |    11 ||    15
       Confused          |       |       |       |     1 |     1 ||     2
       Petrifying        |       |       |       |       |     7 ||     7
       Petrified         |       |       |       |       |     1 ||     1
  Eat: Chunk             |     2 |     6 |    21 |    39 |    21 ||    89
       Beef jerky        |       |       |     2 |     2 |       ||     4
       Royal jelly       |       |       |     1 |       |       ||     1
       Meat ration       |       |       |       |     4 |     5 ||     9
       Pizza             |       |       |       |       |     1 ||     1
Armor: Animal skin       |    22 |       |       |       |       ||    22
       Ring mail         |     8 |    42 |   116 |   280 |       ||   446
       Chain mail        |       |       |    25 |    75 |   350 ||   450
Dodge: Dodged            |    52 |    65 |   186 |   460 |   280 ||  1043
       Rpst.: Falchion   |    17 |    18 |    68 |    22 |       ||   125
       Long sword        |       |       |       |    33 |     6 ||    39
       Demon blade       |       |       |       |       |    11 ||    11
